 Dungeon Crawl Stone Soup version 0.31-a0-574-g69dc8cc98e (webtiles) character file.

Game seed: 10114949595842908447

27372 Newt the Fighter (level 13, -13/95 HPs)
             Began as a Demonspawn Gladiator on Aug 18, 2023.
             Was an Elder of Hepliaklqana.
             Killed from afar by an ironbound frostheart (43 damage)
             ... by creeping frost
             ... on level 13 of the Dungeon.
             The game lasted 00:19:39 (12226 turns).

Newt the Fighter (Demonspawn Gladiator)            Turns: 12226, Time: 00:19:40

Health: -13/95     AC:  9    Str: 24    XL:     13   Next: 4%
Magic:  13/13      EV: 17    Int:  9    God:    Hepliaklqana [****..]
Gold:   661        SH:  5    Dex: 16    Spells: 12/12 levels left

rFire   . . .        Q - +6 shillelagh "Devastator" {shatter}
rCold   . . .        (no shield)
rNeg    . . .        y - +2 robe "Utyffial" {Slay+6}
rPois   .            c - +0 helmet
rElec   +            N - scarf {harm}
rCorr   .            t - +2 pair of gloves
SInv    .            (no boots)
Will    .....        F - amulet of reflection
Stlth   +            Y - ring "Vayddeeg" {Wiz rElec Str+5}
HPRegen 0.35/turn    u - +4 ring of slaying
MPRegen 0.13/turn

%: harm (+30% outgoing, +20% incoming), reflection, wizardry (x1)
@: no status effects
A: reduced essence, rugged brown scales 1, demonic guardian 1, ignite blood 2,
demonic touch 2
a: Renounce Religion, Recall Ancestor, Ancestor Identity, Transference, Idealise


You were on level 13 of the Dungeon.
You worshipped Hepliaklqana.
Hepliaklqana was greatly pleased with you.
You visited 2 branches of the dungeon, and saw 14 of its levels.
You also visited: Gauntlet.

You collected 796 gold pieces.
You spent 135 gold pieces at shops.

Inventory:

Hand Weapons
 I - the +6 flail of Diwonoj {drain, Str+5}
   (You found it on level 9 of the Dungeon)

   Str+5:     It affects your strength (+5).
 Q - the +6 shillelagh "Devastator" (weapon) {shatter}
   (You found it on level 8 of the Dungeon)
 T - the +9 dagger of Quotz {protect, rN+ Int+3 SInv}
   (You found it on level 9 of the Dungeon)

   Int+3:     It affects your intelligence (+3).
   rN+:       It protects you from negative energy.
   SInv:      It lets you see invisible.
Missiles
 d - 2 throwing nets
 f - 5 silver javelins
 l - 7 boomerangs (quivered)
 q - 11 javelins
 x - 33 poisoned darts
Armour
 a - a +0 ring mail of cold resistance
 c - a +0 helmet (worn)
 t - a +2 pair of gloves (worn)
 y - the +2 robe "Utyffial" (worn) {Slay+6}
   (You found it on level 4 of the Dungeon)

   Slay+6:    It affects your accuracy & damage with ranged weapons and melee
   (+6).
 M - a +2 leather armour of fire resistance
 N - a scarf of harm (worn)
Jewellery
 e - a +5 ring of evasion
 g - a ring of willpower
 s - a ring of protection from fire
 u - a +4 ring of slaying (right hand)
 w - a ring of flight
 F - an amulet of reflection (around neck)
 Y - the ring "Vayddeeg" (left hand) {Wiz rElec Str+5}
   (You found it on level 12 of the Dungeon)

   [ring of wizardry]

   Wiz:       It improves your spell success rate.
   Str+5:     It affects your strength (+5).
   rElec:     It insulates you from electricity.
Wands
 j - a wand of mindburst (4)
 p - a wand of charming (22)
 A - a wand of acid (7)
 H - a wand of iceblast (18)
 K - a wand of polymorph (4)
 R - a wand of flame (4)
Scrolls
 k - a scroll of vulnerability
 v - 2 scrolls of amnesia
 z - 6 scrolls of teleportation
 C - 2 scrolls of enchant weapon
 E - a scroll of fear
 L - 5 scrolls of revelation
 O - a scroll of fog
Potions
 b - a potion of magic {unknown}
 h - 3 potions of brilliance
 m - 2 potions of resistance {unknown}
 n - 2 potions of lignification
 o - 3 potions of mutation
 r - 3 potions of heal wounds
 B - 2 potions of enlightenment
 G - a potion of might {unknown}
 J - a potion of berserk rage {unknown}
 P - a potion of attraction
 V - 2 potions of curing
 W - 2 potions of cancellation {unknown}
Miscellaneous
 i - a box of beasts
 D - a lightning rod (4/4)


   Skills:
 - Level 10.0 Fighting
 - Level 2.6 Short Blades
 - Level 3.0(7.4) Axes
 - Level 9.7(10.0) Maces & Flails
 - Level 4.0(4.4) Polearms
 - Level 10.0 Throwing
 - Level 10.0 Dodging
 + Level 6.8 Evocations


You had 12 spell levels left.
You didn't know any spells.
Your spell library contained the following spells:

 Spells                   Type           Power      Damage    Failure   Level
 Slow                     Hex            0%         N/A       16%         1
 Summon Small Mammal      Summ           0%         N/A       16%         1
 Lesser Beckoning         Tloc           0%         N/A       24%         2
 Call Canine Familiar     Summ           0%         N/A       43%         3
 Confusing Touch          Hex            0%         N/A       43%         3
 Gell's Gravitas          Tloc           0%         N/A       43%         3
 Summon Guardian Golem    Hex/Summ       0%         N/A       43%         3
 Teleport Other           Tloc           0%         N/A       43%         3
 Vampiric Draining        Necr           0%         2d6       43%         3
 Dispersal                Tloc           0%         N/A       100%        6


Dungeon Overview and Level Annotations

Branches:
Dungeon (13/15)            Temple (1/1) D:7            Lair (0/5) D:10
    Orc (0/2) D:10        Gauntlet (visited)
 Vaults: D:13-14

Altars:
Ashenzari
Cheibriados
Dithmenos
Fedhas
Gozag
Hepliaklqana
Kikubaaqudgha
Makhleb
Nemelex Xobeh
Okawaru
Qazlal
Ru
Sif Muna
Trog
Uskayaw
Vehumet
Wu Jian
Xom
Yredelemnul

Shops:
D:5 [   D:8 *

Portals:
Abyss: D:5

Annotations:
D:5 2 transporters, sunglassesatnite's ghost, amateur MiBe
D:9 2 transporters, Rohain's ghost, novice TrSh


Innate Abilities, Weirdness & Mutations

Your life essence is reduced to manifest your ancestor. (-10% HP)
You are partially covered in rugged brown scales. (AC +1, +3% HP)
A weak demonic guardian rushes to your aid.
Your demonic aura often causes spilled blood to erupt in flames.
Your touch may inflict irresistible damage on your foes.


Message History

The seven-headed hydra and the death knight shudder.
The seven-headed hydra is severely wounded.
Zola avoids your attack.
The death knight is heavily wounded.
You touch the seven-headed hydra!
The seven-headed hydra is severely wounded.
The centaur warrior shoots an arrow.
You block the arrow with an invisible shield... and reflect it back!
The arrow hits the centaur warrior!
An ironbound frostheart comes into view.
The death knight is engulfed in blazing flames.
The seven-headed hydra is engulfed in blazing flames.
The seven-headed hydra bites you!
A demonic guardian appears!
You block the seven-headed hydra's attack.
The seven-headed hydra misses you. x2; The seven-headed hydra bites you.
The seven-headed hydra barely misses you.
The seven-headed hydra bites you!
Zola hits the seven-headed hydra with a +0 dagger of draining!
The seven-headed hydra dies!
Unknown command.
You completely miss the death knight.
The death knight is heavily wounded.
The centaur warrior is engulfed in blazing flames.
The death knight is engulfed in blazing flames.
The death knight offers itself to Yredelemnul, and fills with unholy energy.
Unknown command.
Unknown command.
Unknown command.
Unknown command.
You sock the death knight! Zola avoids your attack.
The death knight and the centaur warrior shudder.
You kill the death knight!
Zola avoids your attack.
The centaur warrior is severely wounded.
Your damage is reflected back at you!
Zola hits the human with a +0 dagger of draining.
Zola drains the human.
The ironbound frostheart calls freezing cold from the walls.
The frost grips you!!!
You die...

#......##
........## .#
.........# .
.........# .##
...).....#
#.#..####
.........#
#.##.#.○###
.........#
#.##4c..○.##
........##
#.#.○☼○...p.
.........#
#.#.@R○p..#
.........#
#.#..#pc###
.........# #.##.#
## .........#
##..#.#
.........###...#.#
.............###.#
#.........#### #.#
...#........#
#.###
#####......##
#...#


You could see the friendly Zola the hexer, an ironbound frostheart, 2 centaur
warriors, 2 humans and a friendly rust devil (summoned).

Vanquished Creatures
  A minotaur (Gauntlet)
  An entropy weaver (Gauntlet)
  A two-headed ogre (D:10)
  2 boulder beetles
  2 centaur warriors (D:13)
  A death knight (D:13)
  6 death yaks (Gauntlet)
  A tengu warrior (D:13)
  Pikel (D:8)
  2 deep elf pyromancers
  A wolf spider (Gauntlet)
  2 manticores (D:11)
  Joseph (D:8)
  Maurice (D:8)
  A torpor snail (Gauntlet)
  5 gargoyles
  An unseen horror (D:11)
  Psyche (D:9)
  Jeremiah (D:8)
  A tengu conjurer (D:13)
  3 trolls
  2 jumping spiders (Gauntlet)
  26 yaks
  A wraith (D:9)
  A fire elemental (D:12)
  3 vampire mosquitoes (D:13)
  Grum (D:8)
  3 steam dragons
  Edmund (D:5)
  A water moccasin (D:8)
  7 hell hounds (D:12)
  4 orc warriors
  3 sky beasts
  4 black bears
  2 ogres
  3 centaurs
  4 wolves
  2 lemures (D:8)
  2 kobold brigands
  Blork the orc (D:4)
  A bullfrog (D:7)
  4 gnoll sergeants
  4 scorpions
  9 wights
  7 killer bees
  A jelly (D:4)
  11 orc priests
  2 hounds (D:4)
  A gnoll bouda (D:9)
  An iguana (D:5)
  A sleepcap (D:6)
  4 orc wizards
  6 adders
  22 gnolls
  2 shadow imps (D:7)
  A white imp (D:7)
  A worm (D:5)
  2 dart slugs
  46 orcs
  9 ball pythons
  8 bats
  8 endoplasms
  4 giant cockroaches
  15 goblins
  4 hobgoblins
  17 kobolds
  2 quokkas
  4 frilled lizards
  3 rats
307 creatures vanquished.

Vanquished Creatures (collateral kills)
  Azrael (D:12)
  A hydra (D:13)
  3 yaks
  A wraith (D:11)
  An orc warrior (D:10)
  A kobold brigand (D:9)
  A killer bee (D:9)
  3 orcs (D:10)
  3 kobolds (D:9)
15 creatures vanquished.

Vanquished Creatures (others)
  A hexer (Gauntlet)
  2 ancestors (D:8)
3 creatures vanquished.

Grand Total: 325 creatures vanquished

Notes
Turn   | Place    | Note
-------+----------+-------------------------------------------
     0 | D:1      | Newt the Demonspawn Gladiator began the quest for the Orb.
     0 | D:1      | Reached XP level 1. HP: 16/16 MP: 1/1
   191 | D:1      | Gained mutation: Your demonic aura sometimes causes spilled
                  | blood to erupt in flames. [demonic ancestry]
   191 | D:1      | Reached XP level 2. HP: 17/23 MP: 2/2
   913 | D:2      | Found the +6 lightning scales {swift, rElec}
   934 | D:2      | Reached XP level 3. HP: 19/29 MP: 3/3
  1651 | D:3      | Gained mutation: Your touch may inflict minor irresistible
                  | damage on your foes. [demonic ancestry]
  1651 | D:3      | Reached XP level 4. HP: 20/37 MP: 4/4
  1788 | D:3      | Found a faded altar of an unknown god.
  2294 | D:3      | Identified the +1 short sword of Intimidation {freeze, rF+
                  | MP-9 Str+3}
  2705 | D:4      | Identified the +2 robe "Utyffial" {Slay+6}
  2741 | D:4      | Noticed a black bear
  2753 | D:3      | Killed a black bear
  2754 | D:3      | Reached XP level 5. HP: 36/42 MP: 5/5
  2888 | D:4      | Reached skill level 1 in Polearms
  2897 | D:4      | Reached XP level 6. HP: 48/48 MP: 6/6
  3197 | D:4      | Noticed Blork the orc
  3205 | D:4      | Killed Blork the orc
  3206 | D:4      | Gained mutation: A weak demonic guardian rushes to your
                  | aid. [demonic ancestry]
  3206 | D:4      | Reached XP level 7. HP: 41/55 MP: 7/7
  3304 | D:4      | Reached skill level 5 in Fighting
  3812 | D:5      | Entered Level 5 of the Dungeon
  3824 | D:5      | Noticed a toenail golem
  4142 | D:5      | Found a stormy altar of Qazlal.
  4150 | D:5      | Reached XP level 8. HP: 67/67 MP: 8/8
  4321 | D:5      | Noticed Edmund
  4324 | D:5      | Killed Edmund
  4338 | D:5      | Identified the +1 dagger of Hell's Wrath {heavy, rElec
                  | Int+4}
  4354 | D:5      | Reached skill level 5 in Throwing
  4354 | D:5      | Found Menin's Armour Emporium.
  4464 | D:5      | Found a shadowy altar of Dithmenos.
  4483 | D:5      | Found a one-way gate to the infinite horrors of the Abyss.
  4483 | D:5      | Noticed sunglassesatnite's ghost (amateur MiBe)
  4493 | D:5      | Found a transporter.
  4509 | D:5      | Found a transporter.
  4778 | D:6      | Found a radiant altar of Vehumet.
  4784 | D:6      | Reached skill level 5 in Dodging
  4789 | D:5      | Gained mutation: Your touch may inflict irresistible damage
                  | on your foes. [demonic ancestry]
  4789 | D:5      | Reached XP level 9. HP: 55/72 MP: 9/9
  5027 | D:6      | Found a sparkling altar of Nemelex Xobeh.
  5081 | D:6      | Found a broken altar of Ashenzari.
  5160 | D:6      | Found a snail-covered altar of Cheibriados.
  5296 | D:7      | Found a staircase to the Ecumenical Temple.
  5306 | Temple   | Entered the Ecumenical Temple
  5313 | Temple   | Became a worshipper of Hepliaklqana the Forgotten
  5615 | D:7      | Found a blossoming altar of Fedhas.
  6021 | D:8      | Noticed Grum
  6382 | D:8      | Noticed Joseph
  6406 | D:8      | Identified the +8 chain mail of Beogh {rElec}
  6434 | D:8      | Noticed Pikel
  6447 | D:8      | Killed Pikel
  6448 | D:8      | Reached skill level 10 in Fighting
  6448 | D:8      | Gained mutation: You are partially covered in rugged brown
                  | scales. (AC +1, +3% HP) [demonic ancestry]
  6448 | D:8      | Reached XP level 10. HP: 78/87 MP: 10/10
  6593 | D:8      | Found Urazimom's Neck Hole.
  6601 | D:8      | Killed Grum
  6608 | D:8      | Killed Joseph
  6647 | D:8      | Bought a scarf of harm for 135 gold pieces
  6687 | D:8      | Found the +6 shillelagh "Devastator" {shatter}
  6709 | D:8      | Reached * piety under Hepliaklqana
  6729 | D:8      | Noticed Jeremiah
  6733 | D:8      | Killed Jeremiah
  6773 | D:8      | Noticed Maurice
  6773 | D:8      | Noticed a boulder beetle
  6789 | D:8      | Killed a boulder beetle
  6793 | D:8      | Killed Maurice
  7526 | D:9      | Noticed Psyche
  7529 | D:9      | Killed Psyche
  7530 | D:9      | Reached skill level 10 in Throwing
  7530 | D:9      | Reached skill level 1 in Axes
  7587 | D:9      | Identified the +6 flail of Diwonoj {drain, Str+5}
  7619 | D:9      | Found a transporter.
  7627 | D:9      | Found a transporter.
  7719 | D:9      | Reached XP level 11. HP: 83/83 MP: 11/11
  7734 | D:9      | Reached skill level 1 in Maces & Flails
  7844 | D:9      | Reached ** piety under Hepliaklqana
  7845 | D:9      | Remembered your ancestor Zola as a hexer
  7846 | D:9      | Found the +0 mask of the Dragon {Will+ Slay+3 SInv}
  7890 | D:9      | Identified the +9 dagger of Quotz {protect, rN+ Int+3 SInv}
  8139 | D:9      | Noticed Rohain's ghost (novice TrSh)
  8283 | D:10     | Entered Level 10 of the Dungeon
  8634 | D:10     | Found a staircase to the Lair.
  8785 | D:10     | Found a staircase to the Orcish Mines.
  8806 | D:10     | Reached skill level 5 in Maces & Flails
  8877 | D:10     | Noticed a two-headed ogre
  8880 | D:10     | Killed a two-headed ogre
  9105 | D:10     | Found a sacrificial altar of Ru.
  9270 | D:11     | Noticed a boulder beetle
  9280 | D:11     | Killed a boulder beetle
  9609 | D:11     | Reached *** piety under Hepliaklqana
 10130 | D:12     | Found a gate leading to a gauntlet.
 10139 | Gauntlet | Entered a Gauntlet
 10139 | Gauntlet | Noticed an entropy weaver
 10139 | Gauntlet | Found a transporter.
 10139 | Gauntlet | Found a transporter.
 10140 | Gauntlet | Found a transporter.
 10143 | Gauntlet | Found a transporter.
 10143 | Gauntlet | Found a transporter.
 10153 | Gauntlet | Found a transporter.
 10164 | Gauntlet | Noticed a death yak
 10165 | Gauntlet | Noticed a death yak
 10167 | Gauntlet | Noticed a death yak
 10169 | Gauntlet | Noticed a death yak
 10170 | Gauntlet | Noticed a death yak
 10171 | Gauntlet | Noticed a death yak
 10193 | Gauntlet | Noticed a wolf spider
 10220 | Gauntlet | Found a transporter.
 10232 | Gauntlet | Found a transporter.
 10246 | Gauntlet | Found a transporter.
 10248 | Gauntlet | Found a large runed translucent door.
 10249 | Gauntlet | Found a large runed translucent door.
 10250 | Gauntlet | Found a large runed translucent door.
 10250 | Gauntlet | Found a large runed translucent door.
 10250 | Gauntlet | Found a runed translucent door.
 10250 | Gauntlet | Found a runed translucent door.
 10251 | Gauntlet | Found a large runed translucent door.
 10252 | Gauntlet | Found a large runed translucent door.
 10253 | Gauntlet | Found a large runed translucent door.
 10253 | Gauntlet | Found a large runed translucent door.
 10254 | Gauntlet | Found a runed translucent gate.
 10254 | Gauntlet | Found a runed translucent gate.
 10254 | Gauntlet | Found a runed translucent gate.
 10256 | Gauntlet | Found a transporter.
 10256 | Gauntlet | Noticed a tengu warrior
 10265 | Gauntlet | Found a large runed translucent door.
 10265 | Gauntlet | Found a large runed translucent door.
 10266 | Gauntlet | Found a large runed translucent door.
 10267 | Gauntlet | Found a large runed translucent door.
 10271 | Gauntlet | Found a transporter.
 10277 | Gauntlet | Found a transporter.
 10299 | Gauntlet | Noticed an oklob plant
 10309 | Gauntlet | Found a large runed translucent door.
 10310 | Gauntlet | Found a large runed translucent door.
 10311 | Gauntlet | Found a large runed translucent door.
 10311 | Gauntlet | Found a large runed translucent door.
 10380 | Gauntlet | Killed a wolf spider
 10392 | Gauntlet | Killed an entropy weaver
 10397 | Gauntlet | Reached XP level 12. HP: 81/90 MP: 12/12
 10418 | Gauntlet | Identified the ring "Viuplufa" {Ice rN+}
 10491 | Gauntlet | Killed a death yak
 10496 | Gauntlet | Killed a death yak
 10497 | Gauntlet | Killed a death yak
 10503 | Gauntlet | Killed a death yak
 10512 | Gauntlet | Killed a death yak
 10516 | Gauntlet | Killed a death yak
 10961 | Gauntlet | Noticed a minotaur
 10970 | Gauntlet | Killed a minotaur
 11273 | D:12     | Identified the ring "Vayddeeg" {Wiz rElec Str+5}
 11496 | D:12     | Reached skill level 10 in Dodging
 11590 | D:12     | Noticed Azrael
 11592 | D:12     | Reached skill level 1 in Evocations
 11603 | D:12     | Killed Azrael
 11825 | D:13     | Noticed a centaur warrior
 11830 | D:13     | Killed a centaur warrior
 11835 | D:13     | Noticed a tengu warrior
 11842 | D:13     | Reached skill level 5 in Evocations
 11845 | D:13     | Killed a tengu warrior
 11960 | D:13     | Noticed a centaur warrior
 11962 | D:13     | Killed a centaur warrior
 12029 | D:13     | Reached **** piety under Hepliaklqana
 12032 | D:13     | Gained mutation: Your demonic aura often causes spilled
                  | blood to erupt in flames. [demonic ancestry]
 12032 | D:13     | Reached XP level 13. HP: 49/95 MP: 13/13
 12226 | D:13     | Killed from afar by an ironbound frostheart

Illustrated notes

Levels and vault maps discovered:
D:1:      tarquinn_simple_flora_water_d, layout_basic
D:2:      layout_rooms
D:3:      minmay_general_purpose_star, layout_loops_ring,
          shapermc_ecumenical_altar_gd, serial_glass, glass_columns_b,
          glass_columns_a
D:4:      layout_basic, elyvilon_altar_3, uniq_blork_the_orc
D:5:      layout_rooms, nicolae_qazlal_beasts_of_the_sky, kennysheep_little_box,
          gammafunk_ghost_abyssal_escape, chequers_serial_rivers_large_a,
          nicolae_stop_n_shop_1, uniq_edmund
D:6:      layout_gridville, kennysheep_mini, nicolae_vehumet_altar_sigil,
          nicolae_overflow_hidden_temple, minmay_ogre_servants
D:7:      layout_loops_ring, mainiacjoe_overflow_24_doors,
          minmay_temple_entry_statues_pillars
D:8:      layout_cave_pods, nicolae_shop_sticking_my_neck_out, uniq_grum,
          uniq_jeremiah, uniq_maurice, uniq_pikel, uniq_joseph
D:9:      layout_loops_ring, gammafunk_ghost_hive, uniq_psyche
D:10:     kennysheep_steamy, layout_loops_ring, nicolae_ru_path_of_blood,
          lair_entry_dummy, hiddenorc2_lemuel
D:11:     layout_long_grid
D:12:     layout_loops_cross, gauntlet_entry_generic, uniq_azrael
D:13:     layout_rooms, hellmonk_vaults_keyhole
Temple:   nicolae_temple_no_exploring_needed

Skill      XL: |  1  2  3  4  5  6  7  8  9 10 11 12 |
---------------+-------------------------------------+-----
Fighting       | 3 4 7 10 | 10.0
Throwing       | 2 3 6 10 | 10.0
Dodging        | 4 5 7 10 | 10.0
Polearms       | 2 4 |  4.0
Axes           | 3 |  3.0
Maces & Flails | 9 |  9.7
Evocations     | 6 |  6.8
Short Blades   | |  2.6

Action                     |  1- 3 |  4- 6 |  7- 9 | 10-12 | 13-15 || total
---------------------------+-------+-------+-------+-------+-------++-------
  Melee: Rapier            |   148 |    17 |       |       |       ||   165
         Punch             |     1 |       |       |       |       ||     1
         Spear             |       |    54 |   161 |    62 |       ||   277
         Touch             |       |    11 |    18 |    19 |     1 ||    49
         Unarmed           |       |       |     6 |       |       ||     6
         Shillelagh        |       |       |       |   105 |     3 ||   108
  Throw: Stone             |       |    11 |    22 |       |       ||    33
         Javelin           |       |     3 |       |     6 |       ||     9
         Throwing net      |       |     1 |     1 |     1 |       ||     3
         Boomerang         |       |       |    31 |   101 |       ||   132
 Invoke: Recall Ancestor   |       |       |       |     1 |       ||     1
         Ancestor Life: He |       |       |       |     1 |       ||     1
  Evoke: Wand              |       |       |     2 |     2 |       ||     4
    Use: Scroll            |     7 |     2 |     6 |     7 |       ||    22
         Potion            |       |       |     1 |     4 |       ||     5
   Stab: Sleeping          |     1 |     2 |       |     1 |       ||     4
         Held in net/web   |       |       |     1 |     1 |       ||     2
         Confused          |       |       |       |     3 |       ||     3
 Armour: Leather armour    |    62 |     8 |       |       |       ||    70
         Robe              |       |    27 |    35 |    21 |       ||    83
         Skin              |       |       |     2 |       |       ||     2
  Dodge: Dodged            |    95 |    43 |   104 |    58 |     3 ||   303
  Block: Kite shield       |     5 |     2 |       |       |       ||     7
         Other             |       |       |    15 |    22 |     2 ||    39
         Reflection        |       |       |     1 |     1 |     1 ||     3

Table legend: (Time is in decaauts)
 A = Elapsed time spent in this place.
 B = Non-inter-level travel time spent in this place.
 C = Inter-level travel time spent in this place.
 D = Time resting spent in this place.
 E = Time spent auto-exploring this place.
 F = Levels seen in this place.
 G = Mean time per level.
                   A        B        C        D        E       F      G
               +--------+--------+--------+--------+--------+-----+--------+
         Total |  12291 |  11840 |    451 |   2519 |   7394 |  15 |  819.4 |
       Dungeon |  11305 |  10868 |    437 |   1976 |   7238 |  13 |  869.6 |
        Temple |     14 |      1 |     13 |      0 |      0 |   1 |   14.0 |
      Gauntlet |    970 |    970 |      0 |    543 |    156 |   1 |  970.0 |
               +--------+--------+--------+--------+--------+-----+--------+

Top non-repeatable levels by time:
     D:8: 1253 daAuts
     D:4: 1235 daAuts
     D:7: 1085 daAuts
     D:3: 1039 daAuts
Gauntlet: 970 daAuts
    D:10: 934 daAuts
     D:1: 918 daAuts
    D:11: 912 daAuts
     D:5: 908 daAuts
     D:2: 865 daAuts
     D:9: 769 daAuts
    D:12: 659 daAuts
    D:13: 412 daAuts
     D:6: 311 daAuts
  Temple: 14 daAuts
